 Dungeon Crawl Stone Soup version 0.28.0-43-g3370ac3207 (webtiles) character file.

Game seed: 727749011223937344

6014 Revguard the Gusty (level 10, -4/83 HPs)
             Began as a Black Draconian Air Elementalist on Mar 16, 2022.
             Was a Believer of Ashenzari.
             Killed themself with a badly aimed orb of electricity (11 damage)
             ... on level 9 of the Dungeon.
             The game lasted 00:48:07 (12255 turns).

Revguard the Gusty (DrAE)                          Turns: 12255, Time: 00:48:07

Health: -4/83      AC:  8    Str:  7    XL:     10   Next: 56%
Magic:  9/20       EV: 16    Int: 20    God:    Ashenzari [**....]
Gold:   408        SH:  0    Dex: 23    Spells: 12/22 levels left

rFire   + . .      SeeInvis +   z - staff of air
rCold   . . .      Faith    .   (no shield)
rNeg    + . .      Spirit   .   (armour unavailable)
rPois   .          Reflect  .   (helmet restricted)
rElec   +          Harm     .   t - scarf of Cremastomancy {+Inv, Evo, Bglg} (curse)
rCorr   .          Rampage  .   o - +0 pair of gloves
Will    .....                   (no boots)
Stlth   ++........              (no amulet)
HPRegen 0.23/turn               m - ring "Malaise of Ashenzari" {rF+, Elem, Evo} (curse)
MPRegen 0.17/turn               n - ring of the Elysian God {rN+ Str-3 Int+3 Dex+8 SInv, Elem, Evo} (curse)

@: slowed, very slow
A: breathe lightning, AC +7, unfitting armour, electricity resistance,
cold-blooded, antennae 1, wild magic 1
a: Breathe Lightning, Renounce Religion, Evoke Invisibility, Shatter the Chains


You were on level 9 of the Dungeon.
You worshipped Ashenzari.
Ashenzari was pleased with you.
You visited 2 branches of the dungeon, and saw 10 of its levels.
You also visited: Ossuary.

You collected 408 gold pieces.

Inventory:

Missiles
 s - 4 throwing nets
Armour
 o - a +0 pair of gloves (worn)
 t - the cursed scarf of Cremastomancy (worn) {+Inv, Evo, Bglg}
   (You found it on level 7 of the Dungeon)

   It has a curse which improves the following skills: Evocations: Evocations.
   Beguiling: Conjurations, Hexes and Translocations.
Magical Staves
 z - a staff of air (weapon)
Jewellery
 c - a ring of fire
 i - a ring of poison resistance
 m - the cursed ring "Malaise of Ashenzari" (left hand) {rF+, Elem, Evo}
   (You found it on level 3 of the Dungeon)

   [ring of protection from fire]

   rF:        It protects you from fire.
   It has a curse which improves the following skills: Elements: Fire Magic, Ice
   Magic, Air Magic and Earth Magic.
   Evocations: Evocations.
 n - the cursed ring of the Elysian God (right hand) {rN+ Str-3 Int+3 Dex+8 SInv, Elem, Evo}
   (You acquired it on level 3 of the Dungeon)

   [ring of positive energy]

   Str:       It affects your strength (-3).
   Int:       It affects your intelligence (+3).
   Dex:       It affects your dexterity (+8).
   rN:        It protects you from negative energy.
   SInv:      It lets you see invisible.
   It has a curse which improves the following skills: Elements: Fire Magic, Ice
   Magic, Air Magic and Earth Magic.
   Evocations: Evocations.
 q - a ring of ice
Wands
 l - a wand of paralysis (7)
Scrolls
 d - a scroll of fog
 e - a scroll of teleportation
 f - a scroll of brand weapon
 j - a scroll of fear
 k - a scroll of enchant weapon
 r - a scroll of magic mapping
 y - 2 scrolls of amnesia
 A - a scroll of identify
Potions
 a - 3 potions of brilliance
 b - a potion of resistance
 g - 3 potions of attraction
 h - a potion of flight
 p - a potion of might
 u - 2 potions of ambrosia
 v - 2 potions of haste
 w - 2 potions of lignification
 x - a potion of curing


   Skills:
 + Level 5.7 Fighting
 - Level 0.6 Short Blades
 - Level 0.2(3.1) Polearms
 + Level 5.0 Staves
 + Level 5.3 Dodging
 - Level 1.8 Stealth
 * Level 6.9 Spellcasting
 + Level 6.0(7.3) Conjurations
 + Level 4.3(6.1) Ice Magic
 + Level 7.6(9.5) Air Magic
 + Level 4.9(7.3) Evocations


You had 12 spell levels left.
You knew the following spells:

 Your Spells              Type           Power      Damage    Failure   Level
a - Shock                 Conj/Air       100%       1d9       1%          1
b - Static Discharge      Conj/Air       68%        N/A       1%          2
c - Swiftness             Air            73%        N/A       1%          3
d - Airstrike             Air            36%        N/A       3%          4

Your spell library contained the following spells:

 Spells                   Type           Power      Damage    Failure   Level
 Animate Skeleton         Necr           16%        N/A       14%         1
 Pain                     Necr           32%        1d5       14%         1
 Summon Small Mammal      Summ           32%        N/A       14%         1
 Portal Projectile        Hex/Tloc       18%        N/A       34%         3
 Call Canine Familiar     Summ           8%         N/A       36%         3
 Summon Guardian Golem    Hex/Summ       9%         N/A       36%         3
 Vampiric Draining        Necr           8%         2d6       36%         3
 Blade Hands              Tmut           4%         N/A       97%         5
 Excruciating Wounds      Necr           4%         N/A       97%         5


Dungeon Overview and Level Annotations

Branches:
Dungeon (9/15)             Temple (1/1) D:7             Orc (0/2) D:9
Ossuary (visited)
   Lair: D:8-11

Altars:
Ashenzari
Cheibriados
Dithmenos
Elyvilon
Fedhas
Gozag
Hepliaklqana
Kikubaaqudgha
Makhleb
Nemelex Xobeh
Okawaru
Qazlal
Ru
Sif Muna
Trog
Uskayaw
Vehumet
Wu Jian
Xom
Yredelemnul
Zin
The Shining One

Shops:
D:2 (   D:6 *   D:8 (


Innate Abilities, Weirdness & Mutations

You can breathe wild blasts of lightning.
Your glossy black scales are hard. (AC +7)
You cannot fit into any form of body armour.
You are resistant to electric shocks. (rElec)
You are cold-blooded and may be slowed by cold attacks.
You have a pair of small antennae on your head.
Your spells are a little harder to cast, but a little more powerful.


Message History

The soul eater disappears in a puff of smoke!
You resist.
You are struck by an arc of lightning.
* * * LOW HITPOINT WARNING * * *
The kobold brigand is struck by an arc of lightning.
The kobold brigand is moderately wounded.
The lightning grounds out.
You have got your breath back.
You feel sick.
The kobold brigand throws a curare-tipped dart.
The curare-tipped dart hits you.
You are more poisoned.
You have difficulty breathing.
* * * LOW HITPOINT WARNING * * *
You feel yourself slow down.
The kobold brigand hits you with a +0 short sword.
* * * LOW HITPOINT WARNING * * *
Your life force feels restored.
Your Staves skill increases to level 5!
You feel better. The shadow imp barely misses you.
The kobold hits you but does no damage. The shadow imp closely misses you.
The kobold brigand hits you with a +0 short sword.
* * * LOW HITPOINT WARNING * * *
The shadow imp hits you.
* * * LOW HITPOINT WARNING * * *
The kobold hits you but does no damage.
Activating: Breathe Lightning (3% risk of failure)
Press: ? - help, Dir - look around, f - activate You breathe a wild blast of lightning!
The orb of electricity explodes!
The orb of electricity engulfs the shadow imp!!
You kill the shadow imp!
The orb of electricity engulfs the kobold!
You kill the kobold!
The orb of electricity engulfs the kobold brigand!!!
You kill the kobold brigand!
The orb of electricity engulfs the shadow imp.
The shadow imp is lightly wounded.
The orb of electricity engulfs the kobold brigand!!
You kill the kobold brigand!
The orb of electricity engulfs you! You resist.
You die...

## **####
##.## ,,,
,,,,#. #..#
,, ,
,#.####.# *
* .Z
#...##.# * ,
#'# #..#.#
,,
..Z.ยง*#...#
....K{#...#
..ZKKK#8).#
, ,
..ZZKK)@).#
_ '
..ZZKK5)).#
,
....KK))..#
, ,
.....K#8.##
, ,
....ZK#..# ,
, *
.....##..# ,
#'### ..##
*' .. .## ,,
,


You could see a kobold brigand, a shadow imp, 2 kobold zombies, 11 kobolds and 5
kobold skeletons.

Vanquished Creatures
  Harold (D:7)
  A two-headed ogre (D:9)
  A kobold demonologist (D:9)
  A troll (D:9)
  A wyvern (D:8)
  A vampire (D:9)
  Grum (D:8)
  Menkaure (D:7)
  A steam dragon (D:8)
  4 ice beasts
  4 orc warriors
  2 sky beasts (D:6)
  2 necrophages
  2 wolves (D:8)
  6 kobold brigands
  5 bullfrogs
  5 water moccasin zombies (Ossuary)
  A wyvern zombie (D:8)
  6 wights
  5 howler monkeys
  A centaur zombie (D:8)
  3 hounds (D:4)
  A jelly (D:6)
  4 orc priests
  A gnoll shaman (D:7)
  2 iguanas
  9 orc wizards
  A scorpion zombie (D:5)
  A killer bee zombie (D:7)
  A hound zombie (D:5)
  2 mummies (Ossuary)
  Robin (D:2)
  5 gnolls (D:7)
  6 adders
  4 shadow imps
  4 adder zombies (Ossuary)
  5 worms
  6 dart slugs
  29 orcs
  9 endoplasms
  4 giant cockroaches
  4 gnoll zombies (Ossuary)
  12 goblins
  13 hobgoblins
  3 jackals (D:1)
  2 quokkas
  9 ball pythons
  8 bats
  3 frilled lizards
  7 hobgoblin zombies (Ossuary)
  36 kobolds
  2 kobold skeletons (D:9)
  9 kobold zombies
  5 orc zombies (Ossuary)
  9 rats
272 creatures vanquished.

Notes
Turn   | Place    | Note
-------+----------+-------------------------------------------
     0 | D:1      | Revguard the Draconian Air Elementalist began the quest for
                  | the Orb.
     0 | D:1      | Reached XP level 1. HP: 14/14 MP: 3/3
   443 | D:1      | Reached XP level 2. HP: 22/22 MP: 3/5
   446 | D:1      | Learned a level 2 spell: Static Discharge
   990 | D:2      | Reached XP level 3. HP: 22/27 MP: 6/6
  1052 | D:2      | Reached skill level 1 in Fighting
  1155 | D:2      | Learned a level 3 spell: Swiftness
  1807 | D:2      | Reached XP level 4. HP: 21/35 MP: 5/7
  1945 | D:2      | Noticed Robin
  1957 | D:2      | Killed Robin
  2412 | D:2      | Found a faded altar of an unknown god.
  2502 | D:2      | Found Busir's Antique Weapon Boutique.
  3662 | D:3      | Identified a scroll of acquirement
  3662 | D:3      | Acquired the ring "Immossia" {rN+ Str-3 Int+3 Dex+8 SInv}
  3923 | D:4      | Reached XP level 5. HP: 39/40 MP: 3/8
  4532 | D:4      | Reached skill level 1 in Staves
  4623 | D:4      | Found a sacrificial altar of Ru.
  4732 | D:4      | Reached XP level 6. HP: 10/48 MP: 2/10
  5101 | D:4      | Found a burning altar of Makhleb.
  5102 | D:4      | Found a broken altar of Ashenzari.
  5103 | D:4      | Found a blossoming altar of Fedhas.
  5103 | D:4      | Found an ornate altar of the Wu Jian Council.
  5104 | D:4      | Found a glowing golden altar of the Shining One.
  5113 | D:4      | Became a worshipper of Ashenzari the Shackled
  5394 | D:5      | Entered Level 5 of the Dungeon
  5528 | D:5      | Noticed an orc warrior
  5536 | D:5      | Reached skill level 1 in Evocations
  5540 | D:5      | Killed an orc warrior
  5884 | D:5      | Reached skill level 4 in Air Magic
  6184 | D:5      | Found a hazy altar of Hepliaklqana.
  6245 | D:5      | Noticed an ice beast
  6252 | D:5      | Killed an ice beast
  6253 | D:5      | Your scales start taking on a glossy black colour.
  6253 | D:5      | Reached XP level 7. HP: 46/56 MP: 2/11
  6253 | D:5      | Gained mutation: You are resistant to electric shocks.
                  | (rElec) [Black Draconian growth]
  6311 | D:5      | Learned a level 4 spell: Airstrike
  6557 | D:6      | Reached skill level 5 in Air Magic
  6590 | D:6      | Found Firhixar's Gadget Gallery.
  6603 | D:6      | Found a white marble altar of Elyvilon.
  6643 | D:6      | Found a sand-covered staircase.
  6649 | Ossuary  | Entered an ossuary
  6907 | Ossuary  | Reached skill level 1 in Ice Magic
  7032 | Ossuary  | Reached XP level 8. HP: 37/63 MP: 1/13
  7248 | D:6      | Reached * piety under Ashenzari
  8155 | D:7      | Found a staircase to the Ecumenical Temple.
  8158 | D:7      | Noticed Harold
  8176 | D:7      | Reached skill level 6 in Air Magic
  8185 | D:7      | Killed Harold
  8186 | D:7      | Reached skill level 5 in Spellcasting
  8186 | D:7      | Reached skill level 5 in Conjurations
  8186 | D:7      | Reached XP level 9. HP: 33/72 MP: 0/16
  8212 | Temple   | Entered the Ecumenical Temple
  9048 | D:7      | Reached ** piety under Ashenzari
  9174 | D:7      | Noticed Menkaure
  9178 | D:7      | Killed Menkaure
  9505 | D:8      | Gained mutation: You occasionally shout uncontrollably at
                  | your foes. [potion of mutation]
  9505 | D:8      | Gained mutation: Your flesh is heat resistant. (rF+)
                  | [potion of mutation]
  9506 | D:8      | Lost mutation: Your flesh is heat resistant. (rF+) [potion
                  | of mutation]
  9506 | D:8      | Lost mutation: You occasionally shout uncontrollably at
                  | your foes. [potion of mutation]
  9506 | D:8      | Gained mutation: Your spells are a little harder to cast,
                  | but a little more powerful. [potion of mutation]
  9506 | D:8      | Gained mutation: You have a pair of small antennae on your
                  | head. [potion of mutation]
  9512 | D:8      | Found a glowing silver altar of Zin.
  9532 | D:8      | Found Xepp's Antique Weapon Shoppe.
  9857 | D:8      | Noticed Grum
  9865 | D:8      | Reached skill level 5 in Fighting
  9867 | D:8      | Killed Grum
  9873 | D:8      | Reached skill level 7 in Air Magic
  9874 | D:8      | Reached *** piety under Ashenzari
 10121 | D:8      | Reached XP level 10. HP: 81/81 MP: 14/19
 10254 | D:8      | HP: 3/73 [poisoned by a kobold brigand]
 11231 | D:9      | Reached skill level 5 in Dodging
 11287 | D:9      | Found a staircase to the Orcish Mines.
 11643 | D:9      | Noticed a two-headed ogre
 11650 | D:9      | Killed a two-headed ogre
 12246 | D:9      | Noticed a soul eater
 12254 | D:9      | Reached skill level 5 in Staves
 12255 | D:9      | Killed themself with a badly aimed orb of electricity

Illustrated notes

Levels and vault maps discovered:
D:1:      lemuel_arrival_rhombus, layout_basic, wad_floor_pattern_untrapped
D:2:      layout_basic, shapermc_ecumenical_altar_venn, serial_shops,
          nicolae_shop_behind_doors, minmay_quantized, uniq_robin
D:3:      layout_basic, small_statue_intersection, item_on_display_a
D:4:      layout_basic, nicolae_ru_awakened_eye, grunt_temple_overflow_open,
          minmay_circle_x
D:5:      layout_loops_ring, nicolae_overflow_crystal_walls,
          minmay_misc_feat_hallway
D:6:      layout_rooms, mainiacjoe_overflow_tiny_flanked,
          nicolae_ossuary_entry_plus, nicolae_shop_gadgets
D:7:      layout_rooms, minmay_temple_entry_wispy, uniq_harold, uniq_menkaure
D:8:      layout_basic, mainiacjoe_overflow_boulevard, serial_shops, shop,
          uniq_grum
D:9:      wander_kiku_kobolds, layout_layer_cave
Temple:   cyrus_circular_temple

Skill      XL: |  1  2  3  4  5  6  7  8  9 10 |
---------------+-------------------------------+-----
Dodging        | 2 3 4 5 |  5.3
Fighting       | 1 2 3 4 5 |  5.7
Conjurations   | 2 3 4 5 6 |  6.0
Staves         | 1 2 3 4 5 |  5.0
Evocations     | 1 2 3 4 |  4.9
Spellcasting   | 3 5 6 |  6.9
Air Magic      | 4 5 6 7 |  7.6
Ice Magic      | 1 2 3 4 |  4.3
Short Blades   | |  0.6
Polearms       | |  0.2
Stealth        | |  1.8

Action                   |  1- 3 |  4- 6 |  7- 9 | 10-12 || total
-------------------------+-------+-------+-------+-------++-------
Melee: Unarmed           |    25 |       |       |       ||    25
       Tailslap          |    11 |    39 |    44 |     6 ||   100
       Dagger            |    76 |       |       |       ||    76
       Spear             |       |    73 |       |       ||    73
       Staff             |       |   149 |   216 |    30 ||   395
       Punch             |       |     4 |     5 |     2 ||    11
 Cast: Shock             |    44 |    30 |    20 |       ||    94
       Static Discharge  |     7 |    34 |    78 |    39 ||   158
       Swiftness         |     1 |       |     1 |     1 ||     3
       Airstrike         |       |       |     5 |       ||     5
Invok: Curse Item        |       |     1 |     3 |       ||     4
       Shatter the Chain |       |       |       |     1 ||     1
 Abil: Breathe Lightning |       |       |    16 |     6 ||    22
  Use: Scroll            |       |     9 |    12 |     1 ||    22
       Potion            |       |     7 |     8 |     2 ||    17
 Stab: Sleeping          |     3 |     8 |     2 |       ||    13
Armor: Skin              |    47 |    80 |    94 |    19 ||   240
Dodge: Dodged            |    75 |   167 |   263 |    79 ||   584
